 Dungeon Crawl Stone Soup version 0.31-a0-232-gb1c03b2570 (webtiles) character file.

Game seed: 2024082226673703451

8 protoss039 the Digger (level 2, 20/20 HPs)
             Began as a Demonspawn Earth Elementalist on July 7, 2023.
             Got out of the dungeon alive.
             The game lasted 00:00:26 (504 turns).

protoss039 the Digger (DsEE)                         Turns: 504, Time: 00:00:26

Health: 20/20      AC:  2    Str:  8    XL:     2   Next: 0%
Magic:  5/5        EV: 12    Int: 16    God:
Gold:   39         SH:  0    Dex: 13    Spells: 4/5 levels left

rFire   . . .        (no weapon)
rCold   . . .        (no shield)
rNeg    . . .        a - +0 robe
rPois   .            (no helmet)
rElec   .            (no cloak)
rCorr   .            (no gloves)
SInv    .            (no boots)
Will    .....        (no amulet)
Stlth   ++           (no ring)
HPRegen 0.23/turn    (no ring)
MPRegen 0.09/turn

%: no passive effects
@: no status effects
A: spiny 1
a: no special abilities


You escaped.
You visited 1 branch of the dungeon, and saw 1 of its levels.

You collected 39 gold pieces.

Inventory:

Armour
 a - a +0 robe (worn)
Scrolls
 c - a scroll of teleportation {unknown}
 d - a scroll of blinking {unknown}
Potions
 b - a potion of magic


   Skills:
 + Level 0.7 Fighting
 - Level 1.7 Dodging
 - Level 1.7 Stealth
 + Level 2.2 Spellcasting
 - Level 0.8 Transmutations
 + Level 2.8 Earth Magic


You had 4 spell levels left.
You knew the following spells:

 Your Spells              Type           Power      Damage    Failure   Level
a - Sandblast             Erth           22%        2d7       6%          1

Your spell library contained the following spells:

 Spells                   Type           Power      Damage    Failure   Level
 Passwall                 Tmut/Erth      5%         N/A       14%         2
 Stone Arrow              Conj/Erth      12%        3d7       32%         3
 Petrify                  Tmut/Erth      7%         N/A       67%         4


Dungeon Overview and Level Annotations

Branches:
Dungeon (1/15) Zot: 5490

Altars:


Innate Abilities, Weirdness & Mutations

You are partially covered in sharp spines.


Message History

The endoplasm quivers.
Casting: Sandblast (safe; 6% risk of failure)
Confirm with . or Enter, or press ? or * to list all spells.
Aiming: Sandblast (safe; 6% risk of failure)
Press: ? - help, Shift-Dir - straight line, f - endoplasm
Aim: an endoplasm (98% to hit)
You miscast Sandblast.
You are very lightly contaminated with residual magic.
Nothing appears to happen.
Unknown command.
Casting: Sandblast (safe; 6% risk of failure)
Confirm with . or Enter, or press ? or * to list all spells.
Aiming: Sandblast (safe; 6% risk of failure)
Press: ? - help, Shift-Dir - straight line, f/p - endoplasm
Aim: an endoplasm (98% to hit)
The blast of sand hits the endoplasm!
You kill the endoplasm!
The bat hits you.
Unknown command.
Casting: Sandblast (safe; 6% risk of failure)
Confirm with . or Enter, or press ? or * to list all spells.
Aiming: Sandblast (safe; 6% risk of failure)
Press: ? - help, Shift-Dir - straight line, f - bat
Aim: a bat (73% to hit)
The blast of sand hits the bat.
You kill the bat!
You have reached level 2!
Your demonic ancestry asserts itself...
Sharp spines emerge from parts of your body.
Your magical contamination has completely faded away.
Found a stone staircase leading down.
There is a stone staircase leading down here.
A ball python comes into view.
There is an open door here.
There is an open door here.
There is an open door here.
There is an open gate here.
There is a staircase leading out of the dungeon here.
Are you sure you want to leave the Dungeon?
This will make you lose the game!
You have escaped!

######
#.#...##........ ♣♣♣
♣♣♣♣♣
#.#..####.......
#############'#'##
###...#
..............#.#
.S#
..............#.# .#
..##......##..#.# #
..##......##..####♣♣
..............'..#.♣
..............'.@#.♣
..............'..#.♣
..##......##..####♣♣
..##......##..#
..............#
..............#
############..# ♣♣♣
♣.♣♣♣♣ #⌠⌠# ♣♣♣ ####


There were no monsters in sight!

Vanquished Creatures
  2 bats (D:1)
  An endoplasm (D:1)
  3 giant cockroaches (D:1)
  A rat (D:1)
7 creatures vanquished.

Notes
Turn   | Place    | Note
-------+----------+-------------------------------------------
     0 | D:1      | protoss039 the Demonspawn Earth Elementalist began the
                  | quest for the Orb.
     0 | D:1      | Reached XP level 1. HP: 13/13 MP: 3/3
   382 | D:1      | Gained mutation: You are partially covered in sharp spines.
                  | [demonic ancestry]
   382 | D:1      | Reached XP level 2. HP: 19/20 MP: 0/5
   504 | D:$      | Got out of the dungeon alive.

Illustrated notes

Levels and vault maps discovered:
D:1:      beargit_arrival_diablo_church, layout_loops_corners, serial_forest,
          infiniplex_forest_straight_2, infiniplex_forest_zigzag_1,
          infiniplex_forest_clump_long, infiniplex_forest_clump_tiny,
          infiniplex_forest_end_2, infiniplex_forest_clump_small,
          amcnicky_mini_corridor_feature, hangedman_abyss_or_decor_stabs

Action                     || total
---------------------------++-------
  Melee: Unarmed           ||     9
   Cast: Sandblast         ||    12
 Armour: Robe              ||     5
  Dodge: Dodged            ||     9

Table legend: (Time is in decaauts)
 A = Elapsed time spent in this place.
 B = Non-inter-level travel time spent in this place.
 C = Inter-level travel time spent in this place.
 D = Time resting spent in this place.
 E = Time spent auto-exploring this place.
 F = Levels seen in this place.
 G = Mean time per level.
                   A        B        C        D        E       F      G
               +--------+--------+--------+--------+--------+-----+--------+
         Total |    510 |    477 |     33 |     21 |    400 |   1 |  510.0 |
       Dungeon |    510 |    477 |     33 |     21 |    400 |   1 |  510.0 |
               +--------+--------+--------+--------+--------+-----+--------+

Top non-repeatable levels by time:
     D:1: 510 daAuts
